 Dungeon Crawl Stone Soup version 0.29-a0-870-g2c972031a6 (webtiles) character file.

Game seed: 15336885809523356309

33 Bane the Trooper (level 3, 0/30 HPs)
             Began as a Formicid Monk on July 17, 2022.
             Succumbed to an adder's poison
             ... on level 2 of the Dungeon.
             The game lasted 00:01:30 (1458 turns).

Bane the Trooper (Formicid Monk)                    Turns: 1458, Time: 00:01:30

Health: 0/30       AC:  3    Str: 15    XL:     3   Next: 47%
Magic:  3/3        EV: 13    Int:  9    God:
Gold:   28         SH:  0    Dex: 18    Spells: 2/2 levels left

rFire   . . .      SeeInvis +   a - +0 falchion
rCold   . . .      Faith    .   (no shield)
rNeg    . . .      Spirit   .   j - +0 leather armour
rPois   .          Reflect  .   (helmet unavailable)
rElec   .          Harm     .   (no cloak)
rCorr   +          Rampage  .   (no gloves)
Will    .....                   (no boots)
Stlth   ++........              (no amulet)
HPRegen 0.10/turn               k - ring of resist corrosion
MPRegen 0.08/turn               (no ring)

@: lethally poisoned (0 -> -9), flying
A: permanent stasis, dig shafts and tunnels, antennae 3, four strong arms
a: Dig, Shaft Self


You were on level 2 of the Dungeon.
You visited 1 branch of the dungeon, and saw 2 of its levels.

You collected 28 gold pieces.

Inventory:

Hand Weapons
 a - a +0 falchion (weapon)
Armour
 b - a +0 robe
 j - a +0 leather armour (worn)
Jewellery
 k - a ring of resist corrosion (left hand)
Scrolls
 d - a scroll of magic mapping {unknown}
 e - 2 scrolls of acquirement {unknown}
 i - 2 scrolls of identify {unknown}
Potions
 c - a potion of ambrosia
 f - a potion of flight
 h - a potion of mutation {unknown}


   Skills:
 * Level 3.7 Fighting
 * Level 3.6 Long Blades
 * Level 0.8 Armour
 + Level 2.9 Dodging
 - Level 2.4 Stealth


You had 2 spell levels left.
You didn't know any spells.
Your spell library contained the following spells:

 Spells                   Type           Power      Damage    Failure   Level
 Ignite Poison            Fire/Tmut/Pois 0%         N/A       83%         3
 Mephitic Cloud           Conj/Pois/Air  0%         N/A       83%         3
 Freezing Cloud           Conj/Ice/Air   0%         6-21      100%        5


Dungeon Overview and Level Annotations

Branches:
Dungeon (2/15)

Altars:
Makhleb


Innate Abilities, Weirdness & Mutations

You cannot be hasted, slowed, berserked, paralysed or teleported.
You can dig through walls and to a lower floor.
You have a pair of large antennae on your head. (SInv)
Your four strong arms can wield two-handed weapons with a shield.


Message History

You are too injured to fight recklessly!
You are too injured to fight recklessly!
You are too injured to fight recklessly!
You are too injured to fight recklessly!
You are too injured to fight recklessly!
You are too injured to fight recklessly!
You are too injured to fight recklessly!
You are too injured to fight recklessly!
You are too injured to fight recklessly!
You are too injured to fight recklessly!
You are too injured to fight recklessly!
You are too injured to fight recklessly!
You are too injured to fight recklessly!
You are too injured to fight recklessly!
You are too injured to fight recklessly!
You are too injured to fight recklessly!
You are too injured to fight recklessly!
The adder attacks as you move away! The adder bites you but does no damage.
You feel very sick. The bat hits you but does no damage.
The adder attacks as you move away! The adder bites you but does no damage.
* * * LOW HITPOINT WARNING * * *
You feel very sick. The bat hits you but does no damage.
The adder attacks as you move away! The adder bites you.
* * * LOW HITPOINT WARNING * * *
You are more poisoned.
The adder poisons you!
* * * LOW HITPOINT WARNING * * *
You feel very sick. The bat barely misses you.
It was a potion of flight.
You feel very buoyant.
You fly up into the air.
* * * LOW HITPOINT WARNING * * *
You feel very sick. The bat hits you but does no damage.
It was a potion of berserk rage.
Your stasis prevents you from going berserk.
You die...

# ### #...# #.##........#
# ###...######............
# .................#.#....
# #.......##.#.##..#......
# #.#..#..##.#.##.........
# .
......[.......#..##.....
.......#..##.#..#..###....
..... #........# .....
##..#####@##...... #####
........Sb###.#.##.
....#...### .#.# #
........# .. # .##.#...#
.. #...... #......#
........# .###.....#


You could see an adder and a bat.

Vanquished Creatures
  An adder (D:2)
  4 dart slugs
  An endoplasm (D:1)
  2 giant cockroaches (D:1)
  2 hobgoblins (D:1)
  2 ball pythons
  A bat (D:1)
  2 frilled lizards
  A kobold (D:1)
  3 rats
19 creatures vanquished.

Notes
Turn   | Place    | Note
-------+----------+-------------------------------------------
     0 | D:1      | Bane the Formicid Monk began the quest for the Orb.
     0 | D:1      | Reached XP level 1. HP: 18/18 MP: 1/1
   138 | D:1      | Reached XP level 2. HP: 4/24 MP: 2/2
   912 | D:1      | Found a faded altar of an unknown god.
  1116 | D:2      | Reached XP level 3. HP: 23/30 MP: 3/3
  1410 | D:2      | Found a burning altar of Makhleb.
  1458 | D:2      | Succumbed to an adder's poison

Illustrated notes

Levels and vault maps discovered:
D:1:      dpeg_arrival_tiny_d, layout_rooms, dilly_ecumenical_altar_fadedgnrine,
          chequers_serial_rivers_micro_b
D:2:      layout_loops_cross, basic_altar, minmay_worlds_worst_comb

Action                   || total
-------------------------++-------
Melee: Falchion          ||    71
       Punch             ||     1
  Use: Potion            ||     2
 Stab: Sleeping          ||     2
Armor: Robe              ||     5
       Leather armour    ||    15
Dodge: Dodged            ||    60

Table legend: (Time is in decaauts)
 A = Elapsed time spent in this place.
 B = Non-inter-level travel time spent in this place.
 C = Inter-level travel time spent in this place.
 D = Time resting spent in this place.
 E = Time spent auto-exploring this place.
 F = Levels seen in this place.
 G = Mean time per level.
                   A        B        C        D        E       F      G
               +--------+--------+--------+--------+--------+-----+--------+
         Total |   1466 |   1451 |     15 |      0 |   1243 |   2 |  733.0 |
       Dungeon |   1466 |   1451 |     15 |      0 |   1243 |   2 |  733.0 |
               +--------+--------+--------+--------+--------+-----+--------+

Top non-repeatable levels by time:
     D:1: 978 daAuts
     D:2: 488 daAuts
